 Dungeon Crawl Stone Soup version 0.27.1 (webtiles) character file.

Game seed: 292171329070486979

14547 nxtlvl the Cleaver (level 11, -2/145 HPs)
             Began as a Red Draconian Berserker on Aug 22, 2021.
             Was a High Priest of Trog.
             Slain by a death yak simulacrum (20 damage)
             ... in an ice cave.
             The game lasted 00:49:25 (4703 turns).

nxtlvl the Cleaver (Red Draconian Berserker)        Turns: 4703, Time: 00:49:25

Health: -2/145     AC: 12    Str: 18    XL:     11   Next: 90%
Magic:  11/11      EV: 18    Int:  7    God:    Trog [*****.]
Gold:   536        SH:  0    Dex: 21    Spells: 10/10 levels left

rFire    + . .     SeeInvis +   a - +5 battleaxe
rCold    . . .     Faith    +   (shield currently unavailable)
rNeg     + . .     Spirit   .   (armour unavailable)
rPois    +         Reflect  .   (helmet restricted)
rElec    .         Harm     .   c - +2 ratskin cloak {*Rats rPois rN+ Str-1 Int-1 Dex+1}
rCorr    .         Rampage  .   e - +0 pair of gloves
Will     ++...                  d - +0 pair of boots
Stlth    ..........             z - amulet of faith
HPRegen  0.34/turn              p - ring of see invisible
MPRegen  0.12/turn              y - ring "Gyzao" {Will++ Dex+6 Slay+4}

@: berserking, slowed, studying Throwing
A: breathe fire, AC +7, unfitting armour, fire resistance 1, cold-blooded
a: Breathe Fire, Renounce Religion, Berserk, Trog's Hand, Brothers in Arms


You were in an ice cave.
You worshipped Trog.
Trog was extremely pleased with you.
You visited 1 branch of the dungeon, and saw 13 of its levels.
You also visited: Ice Cave.

You collected 536 gold pieces.

Inventory:

Hand Weapons
 a - a +5 battleaxe (weapon)
 b - a +0 hand crossbow
 w - a +2 vampiric war axe
 K - a +5 vorpal executioner's axe
 Q - a +0 longbow
 W - a +1 whip of electrocution
Missiles
 f - 225 arrows
 m - 116 bolts
 u - 24 poisoned darts (quivered)
 G - 12 javelins
 H - a curare-tipped dart
Armour
 c - the +2 ratskin cloak (worn) {*Rats rPois rN+ Str-1 Int-1 Dex+1}
   (You found it on level 12 of the Dungeon)

   When the wearer is hurt, rats may emerge from it to assist them.
   Str:       It affects your strength (-1).
   Int:       It affects your intelligence (-1).
   Dex:       It affects your dexterity (+1).
   rPois:     It protects you from poison.
   rN:        It protects you from negative energy.
 d - a +0 pair of boots (worn)
 e - a +0 pair of gloves (worn)
Jewellery
 k - a ring of ice
 l - a ring of magical power
 o - a ring of resist corrosion
 p - a ring of see invisible (left hand)
 y - the ring "Gyzao" (right hand) {Will++ Dex+6 Slay+4}
   (You found it on level 8 of the Dungeon)

   [ring of dexterity]

   Dex:       It affects your dexterity (+6).
   Slay:      It affects your accuracy & damage with ranged weapons and melee
   (+4).
   Will:      It greatly increases your willpower.
 z - an amulet of faith (around neck)
 L - the ring "Optutzop" {Fire rElec Str+2}
   (You found it on level 9 of the Dungeon)

   [ring of fire]

   It enhances your fire magic.
   Str:       It affects your strength (+2).
   rF:        It protects you from fire.
   rC:        It makes you vulnerable to cold.
   rElec:     It insulates you from electricity.
 Z - an amulet of the acrobat
Wands
 x - a wand of polymorph (20)
 B - a wand of paralysis (6)
 F - a wand of mindburst (30)
Scrolls
 g - 2 scrolls of amnesia
 h - 4 scrolls of immolation {unknown}
 n - 7 scrolls of teleportation
 r - a scroll of silence
 s - a scroll of magic mapping
 t - 6 scrolls of noise {unknown}
 I - a scroll of blinking
 J - 2 scrolls of vulnerability
 N - a scroll of fear
 P - 2 scrolls of enchant weapon
Potions
 i - a potion of attraction
 j - a potion of haste
 q - a potion of heal wounds
 v - a potion of brilliance
 A - 2 potions of mutation {unknown}
 C - 2 potions of curing {unknown}
 D - a potion of flight
 E - 2 potions of berserk rage {unknown}
 M - 12 potions of ambrosia
 O - a potion of lignification {unknown}


   Skills:
 + Level 9.4 Fighting
 * Level 14.8 Axes
 + Level 7.9 Dodging
 + Level 4.0 Evocations


You had 10 spell levels left.
You didn't know any spells.
Your spell library was empty.

Dungeon Overview and Level Annotations

Branches:
Dungeon (13/15)            Temple (0/1) D:6            Lair (0/6) D:11
    Orc (0/2) D:10          IceCv (1/1)
 Vaults: D:13-14

Altars:
Elyvilon

Shops:
D:4 [   D:11 (

Annotations:
D:11 Erolcha, Sonja
D:13 Nessos


Innate Abilities, Weirdness & Mutations

You can breathe blasts of fire.
Your fiery red scales are hard. (AC +7)
You cannot fit into any form of body armour.
Your flesh is heat resistant. (rF+)
You are cold-blooded and may be slowed by cold attacks.


Message History

The spriggan simulacrum hits you but does no damage.
You closely miss the spriggan simulacrum.
The spriggan simulacrum is moderately damaged.
You hit the spriggan simulacrum but do no damage.
Your tail-slap misses the spriggan simulacrum.
The spriggan simulacrum is moderately damaged.
The spriggan simulacrum misses you.
You slash the spriggan simulacrum!
The spriggan simulacrum is almost destroyed.
The spriggan simulacrum barely misses you.
You open the spriggan simulacrum like a pillowcase!!!
The spriggan simulacrum vaporises!
Trog accepts your kill.
Found 10 gold pieces.
There is a frozen archway here.
The world spins around you as you enter the gateway.
You enter an ice cave!
Found an ice covered gate leading back out of this place.
There is an ice choked empty arch of ancient stone here.
You have got your breath back.
There is an ice choked empty arch of ancient stone here.
A red film seems to cover your vision as you go berserk!
You feel yourself moving faster!
You feel mighty! The death yak simulacrum gores you!
The death yak simulacrum freezes you!!!
You feel yourself slow down.
You slash the death yak simulacrum! You tail-slap the death yak simulacrum!
The death yak simulacrum is heavily damaged.
You slash the death yak simulacrum! You slash the death yak simulacrum!
The death yak simulacrum is severely damaged.
You slash the death yak simulacrum! The death yak simulacrum gores you!
The death yak simulacrum freezes you!!!
* * * LOW HITPOINT WARNING * * *
A river rat scurries out from under your cloak.
The death yak simulacrum gores you!!
* * * LOW HITPOINT WARNING * * *
A hell rat scurries out from under your cloak.
The death yak simulacrum freezes you!!
You feel as though you will be slow longer.
You die...

#### ##..## #
###....##
....##..Z.rr.#
#......Z@.∩.#
##.....Z....#
##..##Z...##
### ##..##
####


You could see 3 death yak simulacra, a cane toad simulacrum, a friendly hell rat
and a friendly river rat.

Vanquished Creatures
  A centaur warrior (D:13)
  Erica (D:9)
  A two-headed ogre (D:12)
  Nergalle (D:11)
  A cyclops (D:11)
  Maurice (D:11)
  Maggie (D:6)
  A queen bee (D:11)
  2 hornets
  A troll (D:11)
  3 shadows
  A wyvern (D:4)
  13 yaks
  2 steam dragons
  7 vampire mosquitoes (D:10)
  2 water moccasins
  5 orc warriors
  2 necrophages
  5 centaurs
  2 phantoms
  3 kobold brigands
  5 bullfrogs
  30 killer bees
  7 wights
  2 troll zombies (D:10)
  An electric eel (D:6)
  A howler monkey (D:11)
  5 centaur zombies
  2 hounds
  2 jellies
  7 orc priests
  A bullfrog skeleton (D:6)
  A centaur skeleton (D:7)
  A gnoll shaman (D:7)
  8 orc wizards
  2 troll simulacra (D:13)
  3 spriggan simulacra (D:13)
  6 ogre zombies (D:10)
  A howler monkey skeleton (D:4)
  2 howler monkey zombies (D:8)
  5 gnolls (D:7)
  4 adders
  3 naga simulacra (D:13)
  A white imp (D:5)
  18 orcs
  2 endoplasms
  8 goblins
  3 hobgoblins
  3 jackals (D:2)
  2 quokkas (D:4)
  7 ball pythons
  5 bats
  3 frilled lizards
  A goblin skeleton (D:10)
  2 goblin zombies (D:10)
  3 hobgoblin zombies (D:10)
  20 kobolds
  3 orc skeletons (D:10)
  15 orc zombies (D:10)
  2 rats (D:3)
253 creatures vanquished.

Vanquished Creatures (collateral kills)
  2 hydras (D:12)
  A kobold demonologist (D:12)
  A shadow (D:12)
  4 centaurs (D:12)
8 creatures vanquished.

Vanquished Creatures (others)
  15 plants (D:6)
  6 withered plants (D:2)
21 creatures vanquished.

Grand Total: 282 creatures vanquished

Notes
Turn   | Place    | Note
-------+----------+-------------------------------------------
     0 | D:1      | nxtlvl the Draconian Berserker began the quest for the Orb.
     0 | D:1      | Reached XP level 1. HP: 19/19 MP: 1/1
    53 | D:2      | Noticed an orc wizard
    57 | D:2      | Noticed an orc priest
    58 | D:2      | Killed an orc wizard
    59 | D:2      | Reached skill level 4 in Axes
    59 | D:2      | Reached XP level 2. HP: 26/26 MP: 2/2
    59 | D:2      | Reached XP level 3. HP: 31/31 MP: 3/3
   108 | D:2      | Noticed a necrophage
   118 | D:2      | Killed a necrophage
   119 | D:2      | Reached skill level 5 in Axes
   119 | D:2      | Reached XP level 4. HP: 38/38 MP: 4/4
   119 | D:2      | Reached XP level 5. HP: 45/45 MP: 5/5
   197 | D:2      | Reached skill level 6 in Axes
   257 | D:2      | Found a faded altar of an unknown god.
   357 | D:2      | Reached ** piety under Trog
   712 | D:4      | Found a large runed translucent door.
   713 | D:4      | Found a large runed translucent door.
   719 | D:4      | Noticed an orc warrior
   734 | D:4      | Found a large runed translucent door.
   734 | D:4      | Found a large runed translucent door.
   762 | D:4      | Noticed a water moccasin
   781 | D:4      | Killed a water moccasin
   782 | D:4      | Reached skill level 7 in Axes
   782 | D:4      | Reached XP level 6. HP: 51/51 MP: 6/6
   960 | D:4      | Noticed a wyvern
   970 | D:4      | Killed a wyvern
   971 | D:4      | Reached skill level 8 in Axes
   971 | D:4      | Your scales start taking on a fiery red colour.
   971 | D:4      | Reached XP level 7. HP: 42/57 MP: 7/7
   971 | D:4      | Gained mutation: Your flesh is heat resistant. (rF+) [Red
                  | Draconian growth]
  1073 | D:4      | Found Vuzin's Antique Armour Shop.
  1128 | D:4      | Reached *** piety under Trog
  1186 | D:5      | Entered Level 5 of the Dungeon
  1203 | D:5      | Reached skill level 9 in Axes
  1297 | D:5      | Noticed a yak
  1297 | D:5      | Noticed a yak
  1298 | D:5      | Noticed a yak
  1298 | D:5      | Noticed a yak
  1309 | D:5      | Killed a yak
  1314 | D:5      | Killed a yak
  1315 | D:5      | Reached skill level 10 in Axes
  1315 | D:5      | Reached XP level 8. HP: 63/63 MP: 8/8
  1349 | D:6      | Found a staircase to the Ecumenical Temple.
  1350 | D:6      | Noticed Maggie
  1432 | D:6      | Reached skill level 11 in Axes
  1500 | D:6      | Killed Maggie
  1501 | D:6      | Reached XP level 9. HP: 72/72 MP: 9/9
  1630 | D:6      | Found a white marble altar of Elyvilon.
  1678 | D:7      | Reached **** piety under Trog
  1693 | D:7      | Reached skill level 5 in Fighting
  1892 | D:7      | Reached skill level 12 in Axes
  2098 | D:8      | Reached skill level 5 in Dodging
  2165 | D:8      | Identified the ring "Gyzao" {Will++ Dex+6 Slay+4}
  2262 | D:9      | Reached ***** piety under Trog
  2294 | D:9      | Noticed a seven-headed hydra
  2345 | D:9      | Reached XP level 10. HP: 84/84 MP: 10/10
  2553 | D:8      | Reached skill level 13 in Axes
  2731 | D:9      | Noticed Erica
  2735 | D:10     | Entered Level 10 of the Dungeon
  2943 | D:9      | Identified the ring "Optutzop" {Fire rElec Str+2}
  3010 | D:10     | Received a gift from Trog
  3088 | D:9      | Paralysed by a hornet for 1 turns
  3231 | D:10     | Found a staircase to the Orcish Mines.
  3321 | D:10     | Reached XP level 11. HP: 63/94 MP: 11/11
  3487 | D:9      | Killed Erica
  3488 | D:9      | Reached skill level 1 in Evocations
  3594 | D:11     | Found a staircase to the Lair.
  3599 | D:11     | Found Etot's Weapon Shop.
  3616 | D:11     | Noticed Maurice
  3633 | D:11     | Killed Maurice
  3634 | D:11     | Reached skill level 14 in Axes
  3674 | D:11     | Noticed Sonja
  3802 | D:11     | Noticed Erolcha
  3863 | D:11     | Received a gift from Trog
  3981 | D:11     | Noticed Nergalle
  3990 | D:11     | Killed Nergalle
  4067 | D:12     | Noticed a white ugly thing
  4092 | D:12     | Noticed a seven-headed hydra
  4104 | D:12     | Killed a six-headed hydra
  4204 | D:12     | Noticed a six-headed hydra
  4214 | D:12     | Killed a seven-headed hydra
  4283 | D:12     | Noticed a two-headed ogre
  4291 | D:12     | Killed a two-headed ogre
  4412 | D:12     | Found the +2 ratskin cloak {*Rats rPois rN+ Str-1 Int-1
                  | Dex+1}
  4565 | D:13     | Noticed a centaur warrior
  4571 | D:13     | Killed a centaur warrior
  4617 | D:13     | Noticed Nessos
  4670 | D:13     | Found a frozen archway.
  4696 | IceCv    | Entered an ice cave
  4703 | IceCv    | Slain by a death yak simulacrum

Illustrated notes

Levels and vault maps discovered:
D:1:      lightli_arrival_isolated_outpost, layout_loops_ring, serial_shops,
          shop
D:2:      cheibrodos_pilgrimage, layout_loops_ring,
          ebering_ecumenical_altar_petrified,
          amcnicky_mini_rare_corridor_liquid, minmay_cupped
D:3:      layout_loops_ring
D:4:      layout_basic, serial_glass, glass_columns_a, glass_columns_a,
          serial_shops, kennysheep_mini, hex_large, kennysheep_donut,
          minmay_hollow_rounded_squares
D:5:      layout_rooms
D:6:      layout_rooms, nicolae_elyvilon_temple_path, minmay_temple_entry_tees,
          lightli_sewer_entry_pipes, uniq_maggie
D:7:      layout_rooms, serial_shops, shop
D:8:      layout_gridville
D:9:      layout_roguey, kennysheep_potato, uniq_erica
D:10:     layout_basic, zombieorc2_lemuel, nrook_mini_vaults,
          minmay_strange_pillars
D:11:     minmay_chambers_of_sevens, layout_gridville, lair_entry_dummy,
          special_room [special_room_bee], minivault_5, nicolae_take_the_stairs,
          uniq_maurice, uniq_nergalle, uniq_sonja, uniq_erolcha
D:12:     layout_loops_corners, biasface_ghost_orc_armoury
D:13:     layout_roguey, portal_ice_cave_entry_ice_simulacra, uniq_urug,
          uniq_nessos
IceCv:    ice_cave_small_necro

Skill      XL: |  1  2  3  4  5  6  7  8  9 10 11 |
---------------+----------------------------------+-----
Axes           | 4 5 7 8 10 11 12 13 14 | 14.8
Dodging        | 3 5 6 7 |  7.9
Fighting       | 4 6 8 9 |  9.4
Evocations     | 4 |  4.0

Action                   |  1- 3 |  4- 6 |  7- 9 | 10-12 || total
-------------------------+-------+-------+-------+-------++-------
Melee: Hand axe          |    32 |    67 |    17 |       ||   116
       Tailslap          |     1 |     9 |    33 |    44 ||    87
       War axe           |       |    35 |   196 |    86 ||   317
       Battleaxe         |       |       |       |   175 ||   175
 Fire: Hand crossbow     |       |       |       |     2 ||     2
Throw: Dart              |       |       |       |     5 ||     5
Invok: Berserk           |     2 |     7 |    13 |    18 ||    40
       Brothers in Arms  |       |       |       |     2 ||     2
 Abil: Breathe Fire      |       |       |     7 |     6 ||    13
Evoke: Wand              |       |       |       |     1 ||     1
  Use: Potion            |       |       |     1 |     2 ||     3
       Scroll            |       |       |       |    12 ||    12
 Stab: Sleeping          |       |       |       |     1 ||     1
Armor: Skin              |     2 |    36 |    89 |    66 ||   193
Dodge: Dodged            |    21 |    56 |   147 |   213 ||   437
